 Dungeon Crawl Stone Soup version 0.25-a0-492-g44cc58d (webtiles) character file.

Game seed: 617480664893773062, levelgen mode: deterministic

1182 dumby the Shield-Bearer (level 8, -10/68 HPs)
             Began as a Minotaur Fighter on Feb 11, 2020.
             Killed from afar by Maggie (17 damage)
             ... with a bolt of fire
             ... on level 6 of the Dungeon.
             The game lasted 00:37:38 (4793 turns).

dumby the Shield-Bearer (Minotaur Fighter)          Turns: 4793, Time: 00:37:39

Health: -10/68     AC: 12    Str: 25    XL:     8   Next: 19%
Magic:  7/7        EV:  9    Int:  7    God:
Gold:   288        SH: 10    Dex: 10    Spells: 7/7 levels left

rFire    . . .     SeeInvis +   M - +4 rapier of Sharkskin {venom, *Contam Str+2 Int+2 SInv}
rCold    . . .     Gourm    .   c - +0 kite shield
rNeg     . . .     Faith    .   b - +0 scale mail
rPois    .         Spirit   .   y - +2 hat
rElec    .         Reflect  .   (no cloak)
rCorr    .         Harm     .   (no gloves)
MR       .....                  (no boots)
Stlth    ..........             (no amulet)
HPRegen  0.21/turn              (no ring)
MPRegen  0.10/turn              (no ring)

@: no status effects
A: retaliatory headbutt, horns 2, slimy green scales 2
a: no special abilities


You were on level 6 of the Dungeon.
You were not hungry.

You visited 1 branch of the dungeon, and saw 6 of its levels.

You collected 288 gold pieces.

Inventory:

Hand Weapons
 a - a +0 war axe
 e - a +0 short sword of venom
 q - a +0 dagger
 D - a cursed +0 hunting sling
 F - a +1 morningstar of draining
 G - a +2 trident of distortion
 M - the +4 rapier of Sharkskin (weapon) {venom, *Contam Str+2 Int+2 SInv}
   (You found it on level 6 of the Dungeon)

   It poisons the flesh of those it strikes.
   It affects your strength (+2).
   It affects your intelligence (+2).
   It lets you see invisible.
   It causes magical contamination when unequipped.
 Q - a +0 hunting sling
Missiles
 j - 94 sling bullets
 w - 82 bolts
 E - 19 poisoned darts (quivered)
Armour
 b - a +0 scale mail (worn)
 c - a +0 kite shield (worn)
 i - a +0 robe
 m - a +0 helmet
 o - a +0 leather armour
 p - a +0 ring mail
 r - a +0 ring mail
 s - a +0 chain mail
 y - a +2 hat (worn)
 J - a +0 plate armour
 L - a +0 leather armour of cold resistance
 N - a +0 kite shield
Jewellery
 A - an uncursed ring of magical power
 B - a cursed ring of ice
 C - an uncursed amulet of faith {unknown}
 I - a +2 ring of evasion {unknown}
Wands
 O - a wand of random effects (24)
Scrolls
 g - a scroll of blinking {unknown}
 h - a scroll of immolation {unknown}
 k - a scroll of noise {unknown}
 l - 5 scrolls of identify
 n - a scroll of magic mapping {unknown}
 t - 4 scrolls of remove curse {unknown}
 v - a scroll of random uselessness {unknown}
 z - a scroll of enchant armour {unknown}
 H - a scroll of summoning {unknown}
 P - 2 scrolls of amnesia {unknown}
Potions
 d - 2 potions of might
 u - a potion of mutation
 x - 2 potions of agility {unknown}
 K - a potion of flight {unknown}
Comestibles
 f - 7 rations


   Skills:
 + Level 5.0 Fighting
 * Level 1.9 Short Blades
 + Level 5.2(6.1) Axes
 + Level 4.5(5.7) Maces & Flails
 + Level 3.1 Throwing
 + Level 5.9 Armour
 + Level 2.1 Dodging
 + Level 0.3 Stealth
 + Level 6.1 Shields


You had 7 spell levels left.
You didn't know any spells.
Your spell library contained the following spells:

 Spells                   Type           Power        Failure   Level  Hunger
 Recall                   Summ/Tloc      N/A          100%        3    ####...
 Aura of Abjuration       Summ           #.........   100%        5    ######.
 Summon Demon             Summ           #.........   100%        5    ######.
 Summon Forest            Summ/Tloc      #.........   100%        5    ######.
 Summon Mana Viper        Hex/Summ       #.......     100%        5    ######.
 Shadow Creatures         Summ           N/A          100%        6    #######


Dungeon Overview and Level Annotations

Branches:
Dungeon (6/15)
 Temple: D:4-7

Altars:
Sif Muna

Annotations:
D:6 Maggie


Innate Abilities, Weirdness & Mutations

You reflexively headbutt those who attack you in melee.
You have a pair of horns on your head.
You are mostly covered in slimy green scales. (AC +3)


Message History

Maggie is severely wounded.
Maggie hits you with a +0 broad axe.
You barely miss Maggie. You headbutt Maggie.
Maggie is severely wounded.
Maggie hits you with a +0 broad axe!
You hit Maggie.
Maggie is almost dead.
You block Maggie's attack.
You barely miss Maggie.
Maggie is almost dead.
Maggie says, "Have you seen any dragons?"
Maggie points at you and mumbles some strange words.
The bolt of fire hits you!!
* * * LOW HITPOINT WARNING * * *
It was a potion of mutation.
You feel extremely strange.
Slimy green scales grow over part of your body.
Slimy green scales spread over more of your body.
Maggie points at you and mumbles some strange words.
The bolt of fire hits you!
You die...

#.......#..†......###
....>...#.##.....##
...........#.....#
...........#....##
....##..........<#
....###..........##
...####........#..#
......[.......##†.######
...##.##...#....@......#
.....#....###.##@##.....
).........##...... #...#
..................# ....
.........#.#######. ...
...........# .. .#
...........# ..
..##.....### ..
..#..#...# #


You could see Maggie.

Vanquished Creatures
  Eustachio (D:6)
  Duvessa (D:5)
  Blork the orc (D:5)
  2 bullfrogs
  Dowan (D:5)
  2 scorpions
  A howler monkey (D:4)
  3 hounds
  A jelly (D:6)
  A bullfrog skeleton (D:6)
  2 centaur skeletons (D:4)
  Ijyb (D:3)
  An iguana (D:4)
  An orc wizard (D:5)
  2 worker ants
  A hound skeleton (D:4)
  6 adders
  3 gnolls (D:6)
  A howler monkey skeleton (D:5)
  2 worms (D:2)
  2 dart slugs
  4 leopard geckos
  13 orcs
  A ball python (D:1)
  6 bats
  2 giant cockroaches
  5 goblins
  5 hobgoblins (D:1)
  14 jackals
  10 kobolds
  2 quokkas
  4 frilled lizards
  A jackal skeleton (D:6)
  A leopard gecko skeleton (D:5)
  A quokka skeleton (D:5)
  5 rats
110 creatures vanquished.

Notes
Turn   | Place    | Note
-------+----------+-------------------------------------------
     0 | D:1      | dumby the Minotaur Fighter began the quest for the Orb.
     0 | D:1      | Reached XP level 1. HP: 19/19 MP: 0/0
   134 | D:1      | Reached XP level 2. HP: 27/27 MP: 1/1
   235 | D:1      | Reached skill level 4 in Shields
   606 | D:2      | Reached XP level 3. HP: 15/33 MP: 2/2
   872 | D:2      | Reached XP level 4. HP: 40/40 MP: 3/3
  1414 | D:3      | Noticed Ijyb
  1433 | D:3      | Killed Ijyb
  1433 | D:3      | Reached skill level 1 in Dodging
  1544 | D:3      | Reached XP level 5. HP: 15/47 MP: 4/4
  2434 | D:4      | Reached skill level 5 in Shields
  2442 | D:4      | Reached XP level 6. HP: 43/53 MP: 5/5
  2868 | D:4      | Reached skill level 5 in Axes
  2933 | D:4      | Reached skill level 5 in Armour
  3395 | D:5      | Entered Level 5 of the Dungeon
  3416 | D:5      | Reached skill level 1 in Throwing
  3519 | D:5      | Noticed Blork the orc
  3538 | D:5      | Killed Blork the orc
  3538 | D:5      | Reached skill level 1 in Maces & Flails
  3538 | D:5      | Reached XP level 7. HP: 60/60 MP: 6/6
  3545 | D:5      | Found a shimmering blue altar of Sif Muna.
  3998 | D:5      | Noticed Duvessa
  3998 | D:5      | Noticed Dowan
  4069 | D:5      | Killed Duvessa
  4154 | D:5      | Killed Dowan
  4439 | D:6      | Noticed Eustachio
  4494 | D:6      | Killed Eustachio
  4515 | D:6      | Got a translucent rapier
  4517 | D:6      | Identified the +4 rapier of Sharkskin {venom, *Contam Str+2
                  | Int+2 SInv} (You found it on level 6 of the Dungeon)
  4555 | D:6      | Reached skill level 1 in Short Blades
  4555 | D:6      | Reached XP level 8. HP: 61/67 MP: 7/7
  4557 | D:6      | Reached skill level 6 in Shields
  4755 | D:6      | Reached skill level 5 in Fighting
  4770 | D:6      | Noticed Maggie
  4793 | D:6      | Gained mutation: You are partially covered in slimy green
                  | scales. (AC +2) [potion of mutation]
  4793 | D:6      | Gained mutation: You are mostly covered in slimy green
                  | scales. (AC +3) [potion of mutation]
  4793 | D:6      | Killed from afar by Maggie

Levels and vault maps discovered:
D:1:      tarquinn_simple_flora_water_b, layout_loops_corners
D:2:      layout_loops_ring, minitemple, first_ration
D:3:      layout_basic, uniq_ijyb
D:4:      layout_layer_cave
D:5:      layout_basic, tgw_sif, uniq_duvessa
D:6:      layout_cave_pools, nicolae_ru_the_path_less_chosen,
          nemelex_diamond_rough_becter, uniq_maggie, uniq_eustachio

Skill      XL: |  1  2  3  4  5  6  7  8 |
---------------+-------------------------+-----
Shields        | 4 5 6 |  6.1
Fighting       | 4 5 |  5.0
Axes           | 3 4 5 |  5.2
Armour         | 4 5 |  5.9
Dodging        | 1 2 |  2.1
Throwing       | 1 2 3 |  3.1
Maces & Flails | 1 4 |  4.5
Short Blades   | 1 |  1.9
Stealth        | |  0.3

Action                   |  1- 3 |  4- 6 |  7- 9 || total
-------------------------+-------+-------+-------++-------
Melee: War axe           |    91 |   136 |       ||   227
       Headbutt          |     6 |    19 |    24 ||    49
       Morningstar       |       |    22 |    57 ||    79
       Rapier            |       |       |    45 ||    45
Throw: Boomerang         |       |    61 |    27 ||    88
       Dart              |       |       |    10 ||    10
  Use: Potion            |     1 |     1 |     2 ||     4
       Scroll            |       |     6 |     2 ||     8
  Eat: Ration            |       |     3 |     1 ||     4
Armor: Scale mail        |    34 |    60 |    36 ||   130
Dodge: Dodged            |    24 |    59 |    38 ||   121
Block: Kite shield       |    56 |    93 |    71 ||   220

Table legend:
 A = Non-vault XP
 B = Vault XP
 C = Vault XP percentage of total XP
 D = Non-vault monster count
 E = Vault monster count
 F = Vault count percentage of total count
                 A         B        C        D         E       F
            +---------+---------+-------+---------+---------+-------
      Total |    1117 |     572 |  33.9 |     105 |       5 |   4.5
            +---------+---------+-------+---------+---------+-------
        D:1 |      44 |       0 |   0.0 |      25 |       0 |   0.0
        D:2 |      97 |       0 |   0.0 |      18 |       0 |   0.0
        D:3 |     105 |      38 |  26.6 |      15 |       1 |   6.2
        D:4 |     293 |       0 |   0.0 |      14 |       0 |   0.0
        D:5 |     180 |     323 |  64.2 |      15 |       3 |  16.7
        D:6 |     398 |     211 |  34.6 |      18 |       1 |   5.3
            +---------+---------+-------+---------+---------+-------
